 Dungeon Crawl Stone Soup version 0.16-b1 (webtiles) character file.

1215 datmedicine the Protected (level 8, -2/46 HPs)
             Began as a Gargoyle Fighter on Mar 3, 2015.
             Slain by a river rat (7 damage)
             ... summoned by Eustachio
             ... in the Ecumenical Temple.
             The game lasted 00:21:09 (4667 turns).

datmedicine the Protected (Gargoyle Fighter)        Turns: 4667, Time: 00:21:09

Health: -2/46      AC:  6    Str: 22      XL:     8   Next: 46%
Magic:  8/8        EV:  8    Int:  9      God:
Gold:   185        SH: 10    Dex:  7 (9)  Spells: 0 memorised, 7 levels left

rFire  . . .     SeeInvis .     E - +0 morningstar
rCold  . . .     Clarity  .     (no armour)
rNeg   + . .     SustAb   .     c - +1 shield
rPois  ∞         Gourm    .     (no helmet)
rElec  +         Spirit   .     (no cloak)
rCorr  .         Warding  .     F - +0 pair of gloves
rMut   .         Stasis   .     (no boots)
MR     .....                    (no amulet)
Stlth  +.........               (no ring)
                                j - ring of flight

@: not resistant to hostile enchantments, very unstealthy
A: blurry vision 1, negative energy resistance 1, sense surroundings 1,
electricity resistance, unbreathing, petrification resistance, rot immunity, AC
+5
a: Evoke Flight


You were in the Ecumenical Temple.
You were not hungry.

You visited 2 branches of the dungeon, and saw 7 of its levels.

You collected 185 gold pieces.

Inventory:

Hand weapons
 a - a +1 flail
 t - a +3 hunting sling
 v - a +2 dagger of holy wrath
 E - a +0 morningstar (weapon)
Missiles
 k - 22 stones (quivered)
Armour
 b - a +0 plate armour
 c - a +1 shield (worn)
 o - a +0 chain mail
 F - a +0 pair of gloves (worn)
Jewellery
 j - a ring of flight (left hand)
 p - an uncursed ring of protection from magic {unknown}
Magical devices
 e - a wand of magic darts (47)
Scrolls
 f - a scroll of enchant armour
 g - 2 scrolls of amnesia {unknown}
 i - a scroll of remove curse {unknown}
 l - a scroll of immolation {unknown}
 n - a scroll of fear {unknown}
 r - a scroll of enchant weapon
 s - 3 scrolls of teleportation {unknown}
 u - a scroll of random uselessness
 x - a scroll of fog {unknown}
 y - a scroll of recharging
 B - 2 scrolls of noise {unknown}
Potions
 m - 2 potions of curing
 q - a potion of cure mutation
 A - 2 potions of poison
 C - a potion of flight {unknown}
Books
 h - a book of Annihilations {highlevel, unknown}

   This book is beyond your current level of understanding.

   Spells                             Type                      Level
   a - Poison Arrow                   Conjuration/Poison           6
   b - Chain Lightning                Conjuration/Air              8
   c - Lehudib's Crystal Spear        Conjuration/Earth            8
   d - Glaciate                       Conjuration/Ice              9
   e - Fire Storm                     Conjuration/Fire             9
 w - a book of Callings

   Spells                             Type                      Level
   a - Summon Small Mammal            Summoning                    1
   b - Call Imp                       Summoning                    2
   c - Call Canine Familiar           Summoning                    3
   d - Summon Guardian Golem          Hexes/Summoning              4
   e - Summon Lightning Spire         Summoning/Air                4
   f - Summon Ice Beast               Ice/Summoning                4
Comestibles
 d - 3 bread rations
 z - 2 chunks of flesh
 D - 3 fruits


   Skills:
 - Level 3.2 Fighting
 + Level 6.5 Maces & Flails
 - Level 9.0 Armour
 - Level 3.2 Shields


You had 7 spell levels left.
You didn't know any spells.

Dungeon Overview and Level Annotations

Branches:
Dungeon (6/15)             Temple (1/1) D:5

Altars:
Ashenzari
Gozag
Okawaru
Sif Muna
Vehumet
Zin

Shops:
D:5 (

Annotations:
D:5 Grinder
D:6 Natasha
Temple Eustachio


Innate Abilities, Weirdness & Mutations

You are resistant to torment.
You are immune to poison.
Your stone body is very resilient (AC +5).
You resist negative energy.
You are resistant to electric shocks.
You can survive without breathing.
You are immune to petrification.
You are immune to rotting.
Scrolls take you a little longer to read.
You passively map a small area around you.


Message History

* * * LOW HITPOINT WARNING * * *
The river rat bites you.
* * * LOW HITPOINT WARNING * * *
It was a potion of curing.
You feel better. The bat hits you but does no damage.
The quokka bites you but does no damage.
Eustachio gestures wildly while chanting.
The river rat bites you.
* * * LOW HITPOINT WARNING * * *
You block the goblin's attack. The river rat bites you.
* * * LOW HITPOINT WARNING * * *
You barely miss Eustachio.
Eustachio is almost dead.
You block the bat's attack. You block the quokka's attack.
Eustachio barely misses you. The river rat barely misses you. The bat hits you.
* * * LOW HITPOINT WARNING * * *
The goblin hits you.
* * * LOW HITPOINT WARNING * * *
The quokka barely misses you. The river rat bites you!
You die...

* ... *, .........
, ........... ,
...._........ ,,, ,
............_.. , ,
........5......
................,
........r@........
,
,.....⌠..b@........
, ,
........grr.......
, , ,
...................
...⌠....<....⌠....,
..................
, ,
................. ,
.....⌠...⌠......,
............... , ,
.............


You could see Eustachio, an iron imp, 2 river rats, a quokka, a goblin and a
bat.

Vanquished Creatures
  A sky beast (D:6)
  2 phantoms (D:5)
  An ogre (D:4)
  A centaur (D:6)
  Sigmund (D:3)
  A scorpion (D:5)
  2 crimson imps (D:6)
  A centaur zombie (D:3)
  A gnoll shaman (D:3)
  A quasit (D:6)
  4 hounds
  An orc wizard (D:5)
  Natasha (twice) (D:6)
  4 worker ants
  5 adders
  3 gnolls
  A giant mite (D:3)
  2 shadow imps
  3 worms
  3 adder zombies
  5 giant geckos
  An ooze (D:2)
  17 orcs
  2 ball pythons
  4 bat skeletons
  A bat zombie (D:5)
  2 giant cockroaches
  5 hobgoblins
  6 jackals
  2 quokkas (D:4)
  4 bats
  3 giant newts
  7 goblins
  A jackal zombie (D:6)
  11 kobolds
  9 rats
120 creatures vanquished.

Vanquished Creatures (others)
  2 giant spores (D:6)
2 creatures vanquished.

Grand Total: 122 creatures vanquished

Notes
Turn   | Place    | Note
--------------------------------------------------------------
     0 | D:1      | datmedicine, the Gargoyle Fighter, began the quest for the Orb.
     0 | D:1      | Reached XP level 1. HP: 14/14 MP: 1/1
   242 | D:2      | Reached XP level 2. HP: 8/19 MP: 2/2
   521 | D:3      | Noticed Sigmund
   675 | D:2      | Reached XP level 3. HP: 19/23 MP: 3/3
   704 | D:2      | Found a radiant altar of Vehumet.
   986 | D:3      | Killed Sigmund
   986 | D:3      | Reached skill level 4 in Maces & Flails
   986 | D:3      | Reached XP level 4. HP: 13/28 MP: 4/4
  1267 | D:3      | Reached skill level 5 in Maces & Flails
  1267 | D:3      | Reached XP level 5. HP: 17/32 MP: 5/5
  1842 | D:4      | Reached XP level 6. HP: 32/37 MP: 6/6
  2389 | D:4      | Noticed an ogre
  2401 | D:4      | Killed an ogre
  2401 | D:4      | Reached skill level 5 in Armour
  2573 | D:4      | Reached XP level 7. HP: 39/41 MP: 7/7
  2810 | D:5      | Entered Level 5 of the Dungeon
  2858 | D:5      | Reached skill level 6 in Armour
  3024 | D:5      | Reached skill level 7 in Armour
  3208 | D:5      | Noticed Grinder
  3456 | D:6      | Reached skill level 8 in Armour
  3456 | D:6      | Reached XP level 8. HP: 38/46 MP: 8/8
  3492 | D:6      | Gained mutation: You passively map a small area around you. [mutagenic meat]
  3493 | D:6      | Gained mutation: Scrolls take you a little longer to read. [mutagenic meat]
  3581 | D:6      | Found an opulent altar of Gozag.
  3660 | D:6      | Noticed Natasha
  3669 | D:6      | Killed Natasha
  3669 | D:6      | Reached skill level 9 in Armour
  3715 | D:6      | Noticed Natasha
  3720 | D:6      | Killed Natasha
  3814 | D:6      | Noticed Natasha
  4110 | D:5      | Found a glowing silver altar of Zin.
  4144 | D:5      | Found Inegoin's Antique Weapon Emporium.
  4640 | D:5      | Found a staircase to the Ecumenical Temple.
  4641 | D:5      | Noticed Eustachio
  4646 | Temple   | Entered the Ecumenical Temple
  4667 | Temple   | Slain by a river rat

Action                   |  1- 3 |  4- 6 |  7- 9 || total
-------------------------+-------+-------+-------++-------
Melee: Flail             |   110 |   156 |   321 ||   587
       Morningstar       |       |       |    31 ||    31
  Use: Potion            |     1 |     1 |     2 ||     4
       Scroll            |       |     5 |     3 ||     8
  Eat: Chunk             |       |     6 |     9 ||    15
